cohdb
Replays
Latest Replays
All Replays
Popular Replays
Top Player Replays
Match Explorer
How It Works
Community
CoH3 Stats
Reddit
Sign in to upload your games and track your stats! →
Sign in with Steam
Match 43192887
Unlisted
Match 43192887
Overview
Messages
Build Orders
End
Construct Section Command Post
Selects Heavy Armor Battlegroup
Infantry Section
Infantry Section
Infantry Section
Construct Platoon Command Post
Unlock M3 Stuart Light Tanks
Selects Rigorous Vehicle Training
M3 Stuart Light Tank
M3 Stuart Light Tank
M3 Stuart Light Tank
Light Vehicle Training
Royal Engineer Section
Selects Forward Repair Assembly
Construct Company Command Post
Foot Guards Section
Foot Guards Section
Crusader II Medium Tank
Crusader II Medium Tank
Crusader II Medium Tank
Armored Vehicle Training
Infantry Training
Crusader II Medium Tank
Crusader II Medium Tank
Kirbyt610
Twixcy
FORTIS_FRTUNA
Suckobert
Zerg6412
chad
simranjitsingh713
UwU
0
0
Comments
sign in to comment!
No comments posted yet!